 Dungeon Crawl Stone Soup version 0.28-a0-998-gb9e9c7b67e (webtiles) character file.

Game seed: 11208597730102246065

301 ytrimaz the Insei (level 6, -3/49 HPs)
             Began as an Octopode Transmuter on Dec 5, 2021.
             Was a Priest of Jiyva.
             Slain by a mummy (12 damage)
             ... in an ossuary.
             The game lasted 00:04:40 (2563 turns).

ytrimaz the Insei (Octopode Transmuter)             Turns: 2563, Time: 00:04:41

Health: -3/49      AC:  5    Str:  9    XL:     6   Next: 37%
Magic:  9/10       EV: 11    Int: 18    God:    Jiyva [***...]
Gold:   108        SH:  0    Dex: 20    Spells: 1/11 levels left

rFire   . . .      SeeInvis .     - Unarmed
rCold   + + +      Faith    .   (shield currently unavailable)
rNeg    . . .      Spirit   .   (helmet currently unavailable)
rPois   +          Reflect  .   (no amulet)
rElec   +          Harm     .   h - +6 ring of dexterity
rCorr   +          Rampage  .   (no ring)
Will    .....                   (no ring)
Stlth   ++........              (no ring)
HPRegen 1.28/turn               (no ring)
MPRegen 0.47/turn               (no ring)
                                (no ring)
                                (no ring)

@: ice-form, resistant, very slightly contaminated, hasted, very quick
A: freezing attack, boosted hp, almost no armour, amphibious, 8 rings, large,
(camouflage 1), (gelatinous body 1), (nimble swimmer 1), (tentacles),
(iridescent scales 3), agile 1
a: End Transformation, Renounce Religion, Oozemancy


You were in an ossuary.
You worshipped Jiyva.
Jiyva was most pleased with you.
You were a creature of crystalline ice.
You visited 1 branch of the dungeon, and saw 4 of its levels.
You also visited: Ossuary.

You collected 108 gold pieces.

Inventory:

Jewellery
 h - a +6 ring of dexterity (left front paw)
 i - a ring of flight
Potions
 a - 3 potions of lignification
 f - 2 potions of might {unknown}


   Skills:
 * Level 2.8 Fighting
 + Level 2.8 Dodging
 + Level 4.4 Unarmed Combat
 + Level 3.1 Spellcasting
 + Level 3.3 Transmutations


You had one spell level left.
You knew the following spells:

 Your Spells              Type           Power      Damage    Failure   Level
a - Beastly Appendage     Tmut           28%        N/A       4%          1
b - Wereblood             Tmut           14%        N/A       6%          2
c - Spider Form           Tmut/Pois      8%         N/A       24%         3
d - Ice Form              Ice/Tmut       8%         N/A       63%         4

Your spell library contained the following spells:

 Spells                   Type           Power      Damage    Failure   Level


Dungeon Overview and Level Annotations

Branches:
Dungeon (4/15)            Ossuary (1/1)
 Temple: D:4-7

Altars:
Jiyva

Annotations:
D:3 3 runed translucent doors, KennySheep's ghost, amateur DEEE; bearlyready's ghost, amateur MfTm Ossuary Menkaure


Innate Abilities, Weirdness & Mutations

You are a creature of crystalline ice.
You have a powerful freezing melee attack.
Your maximum health is increased.
Your armour is entirely melded.
You are incapable of wielding weapons or throwing items.
You cannot wear most types of armour.
You are amphibious.
You can wear up to eight rings at the same time.
((Your skin changes colour to match your surroundings (Stealth+).))
((Your rubbery body absorbs attacks. (AC +1, EV +1)))
((You are camouflaged near water. (Stealth+)))
((You have tentacles for arms and can constrict up to eight enemies at once.))
((You are completely covered in iridescent scales. (AC +6)))
You are agile. (Dex +2)


Message History

Casting: Ice Form (extremely dangerous; 63% risk of failure)
Confirm with . or Enter, or press ? or * to list all spells.
You don't have enough magic to cast this spell.
There are monsters nearby!
Unknown command.
There is an open door here.
There is an open door here.
Casting: Ice Form (extremely dangerous; 63% risk of failure)
Confirm with . or Enter, or press ? or * to list all spells.
The spell is extremely dangerous to miscast (63% risk of failure)!
Continue anyway?
You turn into a creature of crystalline ice.
Unknown command.
There is an open door here.
You hit the mummy but do no damage. The mummy hits you!
You barely miss the mummy. You hit the mummy.
The mummy is lightly damaged.
You hit the mummy but do no damage. The mummy hits you!
You punch the mummy! You freeze the mummy.
The mummy is severely damaged.
The mummy hits you!
You punch the mummy! You freeze the mummy.
You destroy the mummy!
The mummy hits you!
Unknown command.
You barely miss the mummy. You punch the mummy! You freeze the mummy.
The mummy is heavily damaged.
You hit the mummy.
The mummy is severely damaged.
The mummy barely misses you.
You hit the mummy but do no damage.
The mummy is severely damaged.
The mummy hits you!
* * * LOW HITPOINT WARNING * * *
Unknown command.
It was a potion of resistance.
You feel protected.
It was a potion of haste.
You feel yourself speed up. The mummy hits you!
You die...

#####################
#∩...................
#............Y.......
#..#####'###M###+###+
#..# #...#M.M# #..#
#######'# #..+ #....#
#..# #....# #..#
#...M# #..# #....#
##M###


You could see 2 mummies.

Vanquished Creatures
  Pargi (D:3)
  2 elf skeletons (D:4)
  A mummy (Ossuary)
  3 adders
  An adder zombie (Ossuary)
  A worm (D:3)
  A dart slug (D:1)
  2 ball pythons
  An endoplasm (D:1)
  A giant cockroach (D:1)
  9 goblins
  3 hobgoblins
  3 quokkas
  A bat (D:1)
  2 frilled lizards
  A hobgoblin zombie (Ossuary)
  7 kobolds
  A kobold zombie (Ossuary)
  An orc skeleton (D:4)
  A quokka zombie (Ossuary)
  2 rats
  A rat zombie (Ossuary)
46 creatures vanquished.

Vanquished Creatures (others)
  2 adders (D:2)
  3 endoplasms
  A jackal (D:4)
  A kobold (D:3)
  6 withered plants (D:3)
13 creatures vanquished.

Grand Total: 59 creatures vanquished

Notes
Turn   | Place    | Note
-------+----------+-------------------------------------------
     0 | D:1      | ytrimaz the Octopode Transmuter began the quest for the
                  | Orb.
     0 | D:1      | Reached XP level 1. HP: 13/13 MP: 3/3
   487 | D:1      | Reached XP level 2. HP: 17/18 MP: 3/5
   612 | D:1      | Found a faded altar of an unknown god.
   636 | D:1      | Prayed at the altar of an unknown god.
   636 | D:1      | Became a worshipper of Jiyva Jailont the Shapeless
   636 | D:1      | Reached * piety under Jiyva
  1072 | D:2      | Learned a level 2 spell: Wereblood
  1107 | D:2      | Reached ** piety under Jiyva
  1113 | D:2      | Reached XP level 3. HP: 23/23 MP: 6/6
  1117 | D:2      | Learned a level 3 spell: Spider Form
  2014 | D:3      | Noticed Pargi
  2022 | D:3      | Found a runed translucent gate.
  2022 | D:3      | Found a runed translucent gate.
  2023 | D:3      | Found a runed translucent gate.
  2029 | D:3      | Killed Pargi
  2030 | D:3      | Reached skill level 4 in Unarmed Combat
  2030 | D:3      | Reached XP level 4. HP: 29/29 MP: 6/8
  2030 | D:3      | Reached XP level 5. HP: 34/34 MP: 6/9
  2039 | D:3      | Noticed bearlyready's ghost (amateur MfTm)
  2040 | D:3      | Noticed KennySheep's ghost (amateur DEEE)
  2106 | D:3      | Reached *** piety under Jiyva
  2451 | D:4      | Reached XP level 6. HP: 17/41 MP: 10/10
  2462 | D:4      | Found a sand-covered staircase.
  2471 | Ossuary  | Entered an ossuary
  2485 | Ossuary  | Learned a level 4 spell: Ice Form
  2522 | Ossuary  | Gained mutation: You are partially covered in iridescent
                  | scales. (AC +2) [Jiyva's grace]
  2522 | Ossuary  | Gained mutation: You are mostly covered in iridescent
                  | scales. (AC +4) [Jiyva's grace]
  2522 | Ossuary  | Gained mutation: You are completely covered in iridescent
                  | scales. (AC +6) [Jiyva's grace]
  2522 | Ossuary  | Gained mutation: You are agile. (Dex +2) [Jiyva's grace]
  2534 | Ossuary  | Noticed Menkaure
  2563 | Ossuary  | Slain by a mummy

Illustrated notes

Levels and vault maps discovered:
D:1:      dpeg_arrival_tiny_a, layout_loops_corners,
          hellmonk_ecumenical_altar_pennies_from_heaven,
          chequers_serial_rivers_large_b
D:2:      layout_loops_cross
D:3:      layout_loops_ring, gammafunk_ghost_cemetery, uniq_pargi
D:4:      layout_rooms, nicolae_ossuary_entry_catacombs
Ossuary:  ossuary_boxes_badplayer

Skill      XL: |  1  2  3  4  5 |
---------------+----------------+-----
Fighting       | 2 |  2.8
Unarmed Combat | 4 |  4.4
Transmutations | 3 |  3.3
Spellcasting   | 3 |  3.1
Dodging        | |  2.8

Action                   |  1- 3 |  4- 6 || total
-------------------------+-------+-------++-------
Melee: Unarmed           |    84 |    51 ||   135
       Constrict         |    21 |     5 ||    26
       Tentacles         |    18 |     8 ||    26
       Punch             |     2 |     1 ||     3
       Kick              |    12 |     6 ||    18
 Cast: Beastly Appendage |    23 |     5 ||    28
       Wereblood         |     2 |     1 ||     3
       Spider Form       |     1 |       ||     1
       Ice Form          |       |     2 ||     2
  Use: Scroll            |       |     4 ||     4
       Potion            |       |     2 ||     2
 Stab: Sleeping          |     2 |     2 ||     4
Armor: Skin              |     4 |     6 ||    10
Dodge: Dodged            |    58 |    12 ||    70

Table legend: (Time is in decaauts)
 A = Elapsed time spent in this place.
 B = Non-inter-level travel time spent in this place.
 C = Inter-level travel time spent in this place.
 D = Time resting spent in this place.
 E = Time spent auto-exploring this place.
 F = Levels seen in this place.
 G = Mean time per level.
                   A        B        C        D        E       F      G
               +--------+--------+--------+--------+--------+-----+--------+
         Total |   2552 |   2474 |     78 |     15 |   1949 |   5 |  510.4 |
       Dungeon |   2462 |   2384 |     78 |      5 |   1949 |   4 |  615.5 |
       Ossuary |     89 |     89 |      0 |     10 |      0 |   1 |   89.0 |
               +--------+--------+--------+--------+--------+-----+--------+

Top non-repeatable levels by time:
     D:1: 1000 daAuts
     D:3: 706 daAuts
     D:2: 648 daAuts
     D:4: 106 daAuts
 Ossuary: 89 daAuts
